 Dungeon Sprint DCSS version 0.20-b1 (webtiles) character file.

170 potatolord6000 the Sneak (level 5, -4/40 HPs)
             Began as an Octopode Gladiator on May 19, 2017.
             Was the Champion of Jiyva.
             Slain by a two-headed ogre
             ... wielding a cursed +0 giant club
              (8 damage)
             ... in the Dungeon (Sprint IX: "|||||||||||||||||||||||||||||").
             The game lasted 00:01:58 (154 turns).

potatolord6000 the Sneak (Octopode Gladiator)        Turns: 154, Time: 00:01:59

Health: -4/40      AC:  1    Str: 14    XL:     5   Next: 51%
Magic:  5/5        EV: 19    Int: 11    God:    Jiyva [******]
Gold:   0          SH:  0    Dex: 18    Spells: 4/4 levels left

rFire    . . .     SeeInvis .   l - +2 scimitar (flame)
rCold    . . .     Gourm    .   (no shield)
rNeg     . . .     Faith    .   b - +0 hat
rPois    .         Spirit   .   (no amulet)
rElec    .         Reflect  .   a - +3 ring of dexterity
rCorr    +         Harm     .   m - +2 ring of evasion
MR       .....     NoTele   +   (no ring)
Stlth    +++++.....             (no ring)
Regen    0.2/turn               (no ring)
MPRegen  0.1/turn               (no ring)
                                (no ring)
                                (no ring)

@: no status effects
A: almost no armour, stealthy swim, amphibious, 8 rings, constrict 8, antennae
1, camouflage 1, agile 1, acidic bite, gelatinous body 1, jelly absorbing
missiles
a: Request Jelly, Slimify, Cure Bad Mutation, Renounce Religion


You were in the Dungeon.
You worshipped Jiyva.
Jiyva was exalted by your worship.
You were not hungry.

You visited 1 branch

Inventory:

Hand Weapons
 l - a +2 scimitar of flaming (weapon)
Armour
 b - a +0 hat (worn)
Jewellery
 a - a +3 ring of dexterity (left tentacle)
 m - a +2 ring of evasion (right tentacle)
Scrolls
 g - 3 scrolls of remove curse
 j - 2 scrolls of blinking
 k - 2 scrolls of amnesia
Potions
 c - a potion of invisibility
 e - 5 potions of curing
 f - 2 potions of heal wounds
 h - 4 potions of magic
 i - a potion of berserk rage
Comestibles
 d - a bread ration


   Skills:
 + Level 5.6 Fighting
 + Level 6.3 Long Blades
 - Level 2.0 Throwing
 + Level 6.0 Dodging
 + Level 7.5 Stealth


You had 4 spell levels left.
You didn't know any spells.

Dungeon Overview and Level Annotations

Branches:
Dungeon (1/1)

Altars:
Cheibriados
Dithmenos
Elyvilon
Fedhas
Gozag
Hepliaklqana
Kikubaaqudgha
Makhleb
Nemelex Xobeh
Okawaru
Qazlal
Ru
Sif Muna
Trog
Uskayaw
Vehumet
Xom
Yredelemnul
Zin
The Shining One
Beogh
Jiyva
Lugonu


Innate Abilities, Weirdness & Mutations

You cannot wear most types of armour.
You are very stealthy in the water. (Stealth+)
You are amphibious.
You can wear up to eight rings at the same time.
You can use your tentacles to constrict eight enemies at once.
Your skin changes colour to match your surroundings (Stealth+).
Your rubbery body absorbs attacks. (AC +1, EV +1)
You have a pair of small antennae on your head.
You are agile. (Dex +2)
You have acidic saliva.
You have a small jelly attached to you that may absorb incoming projectiles.


Message History

You hit the two-headed ogre. You burn the two-headed ogre.
You squeeze the two-headed ogre, but do no damage.
The two-headed ogre is lightly wounded.
The two-headed ogre completely misses you.
You riposte.
You slash the two-headed ogre! You burn the two-headed ogre.
The two-headed ogre is moderately wounded.
The two-headed ogre closely misses you.
You slash the two-headed ogre! You burn the two-headed ogre.
The two-headed ogre is heavily wounded.
You hear a slurping noise.
Jiyva alters your body.
You feel stupid. Jiyva appreciates your sacrifice.
You feel a little less hungry.
You feel better.
The two-headed ogre hits you with a giant club!!
Ouch! That really hurt!
* * * LOW HITPOINT WARNING * * *
You shudder from the blow and a jelly pops out!
The two-headed ogre hits you with a giant club!
You die...

▓.▓
▓.▓
▓.▓
▓.▓
∆
▓'▓
∆
▓J▓
∆
▓J▓
∆
▓G▓
▓@▓
∆
▓O▓
▓s▓
▓+▓


You could see a two-headed ogre, a scorpion, a neutral eye of draining (fellow
slime), a neutral jelly (fellow slime) and a friendly azure jelly.

Vanquished Creatures
  A sky beast (D)
  A hound (D)
  An orc priest (D)
  An adder (D)
  A leopard gecko (D)
  2 goblins (D)
  A hobgoblin (D)
  2 jackals (D)
  2 quokkas (D)
  A ball python (D)
13 creatures vanquished.

Notes
Turn   | Place    | Note
-------+----------+-------------------------------------------
     0 | D        | potatolord6000 the Octopode Gladiator began the quest for the Orb.
     0 | D        | Reached XP level 1. HP: 14/14 MP: 1/1
     6 | D        | Reached skill level 1 in Stealth
     9 | D        | Reached skill level 2 in Stealth
    16 | D        | Noticed a hound
    16 | D        | Noticed an orc priest
    19 | D        | Reached XP level 2. HP: 20/20 MP: 2/2
    23 | D        | Reached skill level 4 in Stealth
    23 | D        | Reached XP level 3. HP: 26/27 MP: 3/3
    29 | D        | Reached skill level 5 in Long Blades
    29 | D        | Reached skill level 5 in Stealth
    29 | D        | Reached XP level 4. HP: 28/33 MP: 4/4
    36 | D        | Found a roughly hewn altar of Beogh.
    36 | D        | Found a snail-covered altar of Cheibriados.
    36 | D        | Found a shadowy altar of Dithmenos.
    36 | D        | Found a white marble altar of Elyvilon.
    36 | D        | Found a blossoming altar of Fedhas.
    36 | D        | Found an opulent altar of Gozag.
    37 | D        | Found a hazy altar of Hepliaklqana.
    38 | D        | Found a viscous altar of Jiyva.
    39 | D        | Found an ancient bone altar of Kikubaaqudgha.
    40 | D        | Found a corrupted altar of Lugonu.
    41 | D        | Found a burning altar of Makhleb.
    42 | D        | Found a sparkling altar of Nemelex Xobeh.
    43 | D        | Found an iron altar of Okawaru.
    44 | D        | Found a stormy altar of Qazlal.
    45 | D        | Found a sacrificial altar of Ru.
    46 | D        | Became a worshipper of Jiyva Jotusch the Shapeless
    47 | D        | Found a deep blue altar of Sif Muna.
    48 | D        | Found a bloodstained altar of Trog.
    49 | D        | Found a hide-covered altar of Uskayaw.
    50 | D        | Found a radiant altar of Vehumet.
    52 | D        | Found a shimmering altar of Xom.
    53 | D        | Found a basalt altar of Yredelemnul.
    69 | D        | Reached * piety under Jiyva
    70 | D        | Reached ** piety under Jiyva
    70 | D        | Reached *** piety under Jiyva
    70 | D        | Gained mutation: You are robust. (+10% HP) [Jiyva's grace]
    74 | D        | Reached **** piety under Jiyva
    74 | D        | Gained mutation: You have a small jelly attached to you that may absorb incoming projectiles. [Jiyva's grace]
    77 | D        | Reached ***** piety under Jiyva
    84 | D        | Gained mutation: You have a small jelly attached to you that senses nearby items. [Jiyva's grace]
    92 | D        | Found a glowing silver altar of Zin.
    93 | D        | Found a glowing golden altar of the Shining One.
   128 | D        | Gained mutation: You are agile. (Dex +2) [Jiyva's grace]
   131 | D        | Reached ****** piety under Jiyva
   132 | D        | Lost mutation: You are robust. (+10% HP) [Jiyva's grace]
   132 | D        | Lost mutation: You have a small jelly attached to you that senses nearby items. [Jiyva's grace]
   134 | D        | Gained mutation: You have a pair of small antennae on your head. [Jiyva's grace]
   135 | D        | Gained mutation: Your mind is acute. (Int +2) [Jiyva's grace]
   135 | D        | Gained mutation: You have acidic saliva. [Jiyva's grace]
   141 | D        | Noticed a sky beast
   141 | D        | Noticed an eye of draining
   141 | D        | Noticed a two-headed ogre
   144 | D        | Killed a sky beast
   144 | D        | Reached skill level 5 in Fighting
   144 | D        | Reached skill level 5 in Dodging
   144 | D        | Reached skill level 7 in Stealth
   144 | D        | Reached XP level 5. HP: 39/39 MP: 5/5
   154 | D        | Lost mutation: Your mind is acute. (Int +2) [Jiyva's grace]
   154 | D        | Slain by a two-headed ogre

Skill      XL: |  1  2  3  4  5 |
---------------+----------------+-----
Stealth        | 2 4 5 7 |  7.5
Fighting       | 3 4 5 |  5.6
Long Blades    | 4 5 6 |  6.3
Dodging        | 4 5 6 |  6.0
Throwing       | |  2.0

Action                   |  1- 3 |  4- 6 || total
-------------------------+-------+-------++-------
Melee: Long sword        |    15 |     1 ||    16
       Constrict         |     6 |     1 ||     7
       Tentacles         |     7 |     2 ||     9
       Scimitar          |       |     8 ||     8
       Bite              |       |     3 ||     3
Invok: Request Jelly     |       |     1 ||     1
  Use: Potion            |     2 |       ||     2
 Stab: Sleeping          |     2 |     2 ||     4
Armor: Skin              |     1 |       ||     1
Dodge: Dodged            |    12 |     8 ||    20
       Rpst.: Long sword |     3 |       ||     3
       Scimitar          |       |     4 ||     4
